 Dungeon Crawl Stone Soup version 0.28-a0-1002-gf00fe891ef (webtiles) character file.

Game seed: 467104985585449002

572 miscthings the Vexing (level 7, -1/36 HPs)
             Began as a Kobold Enchanter on Dec 7, 2021.
             Slain by Grinder (5 damage)
             ... on level 4 of the Dungeon.
             The game lasted 00:09:57 (4665 turns).

miscthings the Vexing (Kobold Enchanter)            Turns: 4665, Time: 00:09:58

Health: -1/36      AC:  3    Str:  6    XL:     7   Next: 61%
Magic:  19/22      EV: 15    Int: 16    God:
Gold:   169        SH:  0    Dex: 17    Spells: 3/14 levels left

rFire   . . .      SeeInvis .   g - +0 dagger (speed)
rCold   . . .      Faith    .   (shield restricted)
rNeg    . . .      Spirit   .   b - +0 robe
rPois   .          Reflect  .   (no helmet)
rElec   .          Harm     .   (no cloak)
rCorr   .          Rampage  .   (no gloves)
Will    .....                   (no boots)
Stlth   ++++......              (no amulet)
HPRegen 0.12/turn               l - ring of magical power
MPRegen 0.18/turn               (no ring)

@: no status effects
A: small, no large weapons, nightstalker 3, mutation resistance 1, shaggy fur 1
a: no special abilities


You were on level 4 of the Dungeon.
You visited 1 branch of the dungeon, and saw 4 of its levels.
You also visited: Ossuary.

You collected 169 gold pieces.

Inventory:

Hand Weapons
 g - a +0 dagger of speed (weapon)
Armour
 b - a +0 robe (worn)
 m - a +0 buckler
Jewellery
 l - a ring of magical power (left hand)
Scrolls
 j - a scroll of vulnerability
 n - 2 scrolls of enchant weapon {unknown}
 q - a scroll of holy word {unknown}
Potions
 a - 2 potions of mutation
 c - 2 potions of invisibility
 d - a potion of attraction
 e - 4 potions of resistance
 f - a potion of haste {unknown}
 h - 2 potions of heal wounds {unknown}
 i - 2 potions of curing {unknown}
 k - a potion of magic {unknown}
 o - 2 potions of might {unknown}
 p - a potion of degeneration {unknown}


   Skills:
 + Level 3.6 Short Blades
 - Level 2.4 Dodging
 - Level 4.0 Stealth
 - Level 4.0 Spellcasting
 - Level 6.9 Hexes


You had 3 spell levels left.
You knew the following spells:

 Your Spells              Type           Power      Damage    Failure   Level
a - Ensorcelled Hibernat  Hex/Ice        28%        N/A       6%          2
b - Dazzling Flash        Conj/Hex       28%        N/A       12%         3
c - Tukima's Dance        Hex            25%        N/A       2%          3
e - Confusing Touch       Hex            25%        N/A       2%          3

Your spell library contained the following spells:

 Spells                   Type           Power      Damage    Failure   Level
 Spider Form              Tmut/Pois      3%         N/A       45%         3
 Dispersal                Tloc           1%         N/A       100%        6
 Malign Gateway           Summ/Tloc      1%         N/A       100%        7
 Disjunction              Tloc           1%         N/A       100%        8
 Summon Horrible Things   Summ           1%         N/A       100%        8


Dungeon Overview and Level Annotations

Branches:
Dungeon (4/15)            Ossuary (visited)
 Temple: D:4-7

Altars:

Shops:
D:3 =

Annotations:
D:4 Grinder


Innate Abilities, Weirdness & Mutations

You are small and have problems with some larger weapons.
You are completely attuned to the shadows.
You are somewhat resistant to further mutation.
You are covered in fur. (AC +1)


Message History

Moving in this stuff is going to be slow.
You see here an adder corpse.
You pick up a book of Dreams and begin reading...
You add the spell Spider Form to your library.
You pick up a Grand Grimoire and begin reading...
You add the spells Malign Gateway and Summon Horrible Things to your library.
As you read the scroll of identify {@r1}, it crumbles to dust.
a - 3 potions of mutation Really quaff the potion of mutation?
You feel extremely strange. Fur sprouts all over your body.
You feel genetically stable.
Found a scroll labelled ETZEZY FEXZOOFI.
q - a scroll labelled ETZEZY FEXZOOFI Key pressed, stopping explore.
Found 13 stones.
Grinder comes into view.
Grinder shouts!
Grinder blinks!
Grinder is nearby!
Casting: Confusing Touch (dangerous; 2% risk of failure)
Confirm with . or Enter, or press ? or * to list all spells.
You can't see any susceptible monsters within range! (Use Z to cast anyway.)
Casting: Confusing Touch (dangerous; 2% risk of failure)
Confirm with . or Enter, or press ? or * to list all spells.
Your hands begin to glow red.
Grinder hits you!
You writhe in agony.
You completely miss Grinder. Grinder closely misses you.
Press: ? - help, v - describe, . - travel
Here: Grinder (chance to confuse on hit: 54%)
The floor.
Unknown command.
You barely miss Grinder. Grinder hits you!
You writhe in agony.
You hit Grinder but do no damage.
Grinder appears confused.
You catch the helpless Grinder completely off-guard!
You puncture Grinder!
Grinder is heavily wounded.
Grinder hits you!
* * * LOW HITPOINT WARNING * * *
You writhe in agony.
You die...

..##.###.###.##.#
##.##..#...#.###.#
##.##.#.....(. #.#
##.##.#....#.# #.#
##.##.#... # #.#
.......... #.#.#
##.##.#..< .#.#.#####
#.......... ..........
...........#.#.#@####.
.................5#
#.......[...........
...........#..##.####
...........#.. #.#
.####.####.# .# #.....
.# ###### .#


You could see Grinder (confused).

Vanquished Creatures
  3 water moccasin zombies (Ossuary)
  A water moccasin skeleton (D:3)
  An orc priest (D:2)
  A bullfrog skeleton (D:4)
  An orc wizard (D:3)
  3 mummies
  6 gnolls
  5 adders
  8 adder zombies (Ossuary)
  A worm (D:3)
  3 dart slugs
  9 orcs
  4 ball pythons
  2 endoplasms
  A giant cockroach (D:1)
  3 gnoll zombies (Ossuary)
  6 goblins (D:1)
  4 hobgoblins
  10 jackals
  4 quokkas
  A bat (D:2)
  2 frilled lizards
  3 hobgoblin zombies
  5 kobolds
  4 kobold zombies
  5 orc zombies (Ossuary)
  8 rats
104 creatures vanquished.

Notes
Turn   | Place    | Note
-------+----------+-------------------------------------------
     0 | D:1      | miscthings the Kobold Enchanter began the quest for the
                  | Orb.
     0 | D:1      | Reached XP level 1. HP: 10/10 MP: 3/3
   314 | D:1      | Reached XP level 2. HP: 15/15 MP: 5/5
   317 | D:1      | Learned a level 2 spell: Ensorcelled Hibernation
   689 | D:1      | Reached XP level 3. HP: 19/19 MP: 6/6
   970 | D:1      | Reached skill level 4 in Hexes
  1525 | D:2      | Reached XP level 4. HP: 14/24 MP: 5/8
  1609 | D:2      | Reached XP level 5. HP: 24/28 MP: 9/9
  1666 | D:2      | Found a faded altar of an unknown god.
  2030 | D:3      | Reached skill level 5 in Hexes
  2217 | D:3      | Found Laopim's Jewellery Shop.
  2263 | D:3      | Reached XP level 6. HP: 28/32 MP: 10/12
  2267 | D:3      | Learned a level 3 spell: Confusing Touch
  3251 | D:4      | Found a sand-covered staircase.
  3267 | D:4      | Reached skill level 6 in Hexes
  3290 | Ossuary  | Entered an ossuary
  3588 | Ossuary  | Reached XP level 7. HP: 24/36 MP: 13/13
  3804 | Ossuary  | Learned a level 3 spell: Dazzling Flash
  3808 | Ossuary  | Learned a level 3 spell: Tukima's Dance
  4581 | D:4      | Gained mutation: You are covered in fur. (AC +1) [potion of
                  | mutation]
  4581 | D:4      | Gained mutation: You are somewhat resistant to further
                  | mutation. [potion of mutation]
  4658 | D:4      | Noticed Grinder
  4665 | D:4      | Slain by Grinder

Illustrated notes

Levels and vault maps discovered:
D:1:      dpeg_arrival_rooms_b, layout_basic
D:2:      cheibrodos_pilgrimage, layout_basic, ebering_ecumenical_altar_box
D:3:      layout_basic, serial_shops, nicolae_shop_competitors_out_of_business
D:4:      layout_basic, portal_sewer_entry_d, nicolae_ossuary_entry_giza,
          kennysheep_doodads, uniq_grinder

Skill      XL: |  1  2  3  4  5  6  7 |
---------------+----------------------+-----
Hexes          | 4 5 6 |  6.9
Spellcasting   | 3 4 |  4.0
Short Blades   | 3 |  3.6
Dodging        | |  2.4
Stealth        | |  4.0

Action                   |  1- 3 |  4- 6 |  7- 9 || total
-------------------------+-------+-------+-------++-------
Melee: Dagger            |   111 |   164 |   247 ||   522
 Cast: Ensorcelled Hiber |    14 |    16 |       ||    30
       Confusing Touch   |       |     4 |    11 ||    15
  Use: Scroll            |       |     5 |     1 ||     6
       Potion            |       |       |     1 ||     1
 Stab: Sleeping          |    18 |    32 |     5 ||    55
       Confused          |       |     5 |    10 ||    15
Armor: Robe              |     5 |     7 |    19 ||    31
Dodge: Dodged            |    57 |    79 |    93 ||   229

Table legend: (Time is in decaauts)
 A = Elapsed time spent in this place.
 B = Non-inter-level travel time spent in this place.
 C = Inter-level travel time spent in this place.
 D = Time resting spent in this place.
 E = Time spent auto-exploring this place.
 F = Levels seen in this place.
 G = Mean time per level.
                   A        B        C        D        E       F      G
               +--------+--------+--------+--------+--------+-----+--------+
         Total |   4479 |   4419 |     60 |   1043 |   2322 |   5 |  895.8 |
       Dungeon |   3634 |   3574 |     60 |    472 |   2321 |   4 |  908.5 |
       Ossuary |    844 |    844 |      0 |    571 |      1 |   1 |  844.0 |
               +--------+--------+--------+--------+--------+-----+--------+

Top non-repeatable levels by time:
     D:1: 1227 daAuts
     D:3: 1092 daAuts
 Ossuary: 844 daAuts
     D:2: 756 daAuts
     D:4: 558 daAuts
